 Dungeon Crawl Stone Soup version 0.20-a0-492-g6327889 (webtiles) character file.

259 Goblin1989 the Poker (level 6, -4/47 HPs)
             Began as a Barachian Fighter on Jan 15, 2017.
             Slain by a sky beast (6 damage)
             ... on level 4 of the Dungeon.
             The game lasted 00:07:02 (3498 turns).

Goblin1989 the Poker (Barachian Fighter)            Turns: 3498, Time: 00:07:02

Health: -4/47      AC:  6    Str: 17    XL:     6   Next: 17%
Magic:  6/6        EV:  7    Int:  6    God:
Gold:   154        SH:  8    Dex: 10    Spells: 5/5 levels left

rFire    . . .     SeeInvis .   a - +0 trident
rCold    . . .     Gourm    .   b - +0 scale mail
rNeg     . . .     Faith    .   c - +0 shield
rPois    .         Spirit   .   (no helmet)
rElec    .         Reflect  .   (no cloak)
rCorr    .         Harm     .   (no gloves)
MR       .....                  (no boots)
Stlth    ..........             (no amulet)
Regen    0.1/turn               (no ring)
                                (no ring)

@: slow
A: swims, slowness 1, strong legs 1
a: Hop


You were on level 4 of the Dungeon.
You were hungry.

You visited 1 branch of the dungeon, and saw 4 of its levels.

You collected 154 gold pieces.

Inventory:

Hand Weapons
 a - a +0 trident (weapon)
Armour
 b - a +0 scale mail (worn)
 c - a +0 shield (worn)
Jewellery
 l - an uncursed ring of flight
 q - an uncursed ring of fire
Wands
 o - a wand of digging (11/24)
Scrolls
 i - 3 scrolls of identify {unknown}
 k - 3 scrolls of remove curse {@r2}
 n - a scroll of enchant armour {unknown}
 p - 2 scrolls of magic mapping {unknown}
Potions
 e - a potion of flight {unknown}
 h - a potion of resistance {unknown}
 m - 2 potions of magic {unknown}
Comestibles
 f - 3 bread rations {@e1}
 g - a fruit
 j - 2 meat rations {@e2}


   Skills:
 - Level 3.2 Fighting
 + Level 5.7 Polearms
 - Level 3.2 Armour
 - Level 3.0 Shields


You had 5 spell levels left.
You didn't know any spells.

Dungeon Overview and Level Annotations

Branches:
Dungeon (4/15)
 Temple: D:4-7

Altars:
Qazlal
Uskayaw

Annotations:
D:3 Goblin1989's ghost, amateur BaMo


Innate Abilities, Weirdness & Mutations

You can swim through water.
You cover ground slowly.
You can hop short distances.


Message History

You take 9 damage, and have 9/47 hp.
You hit something. Something hits you.
* * * LOW HITPOINT WARNING * * *
Something shocks you.
* * * LOW HITPOINT WARNING * * *
You block something's attack.
You take 7 damage, and have 2/47 hp.
A sky beast appears from thin air!
Reactivating autopickup.
The sky beast flickers out of sight!
Deactivating autopickup; reactivate with Ctrl-A.
Found a runed great mace.
A sky beast appears from thin air!
Reactivating autopickup.
You block the sky beast's attack.
There is a hide-covered altar of Uskayaw here.
The sky beast hits you.
* * * LOW HITPOINT WARNING * * *
The sky beast shocks you.
You die...

█.███..██.██..█ █...
█.......≈.≈...█ █...
██.8.8.8.█.██∆██ █...
█..........█...█ ██.█
.)..............█ █...
█.....%.█........█ █..█
█.....)⌂█.........████...
█.....!Y█.........∆......
█.......@.........████...
██..........$.... █..█
█.8.8.8.██..... █...
█.......█ ...█


████ ........██ ▲██ █ ██.██████ █ █. █ █ █ You could see a sky beast.

Vanquished Creatures
  A scorpion (D:4)
  An orc wizard (D:4)
  3 gnolls
  6 adders (D:2)
  An ooze (D:1)
  An adder skeleton (D:4)
  3 worms (D:2)
  2 dart slugs
  2 leopard geckos
  4 orcs (D:4)
  5 giant cockroaches
  7 goblins
  9 hobgoblins (D:2)
  6 jackals
  7 kobolds
  A quokka (D:2)
  7 bats
  A frilled lizard (D:1)
  A leopard gecko skeleton (D:4)
  4 rats
72 creatures vanquished.

Notes
Turn   | Place    | Note
-------+----------+-------------------------------------------
     0 | D:1      | Goblin1989 the Barachian Fighter began the quest for the Orb.
     0 | D:1      | Reached XP level 1. HP: 18/18 MP: 1/1
     6 | D:1      | Reached skill level 2 in Polearms
    92 | D:1      | Found a stormy altar of Qazlal.
   148 | D:1      | Reached XP level 2. HP: 24/24 MP: 2/2
   513 | D:1      | Reached skill level 3 in Polearms
   513 | D:1      | Reached XP level 3. HP: 29/29 MP: 3/3
   982 | D:2      | Found a faded altar of an unknown god.
  1026 | D:1      | Reached XP level 4. HP: 6/35 MP: 4/4
  1362 | D:2      | Reached skill level 4 in Polearms
  2093 | D:2      | Reached XP level 5. HP: 26/41 MP: 5/5
  2721 | D:3      | Noticed Goblin1989's ghost (amateur BaMo)
  2828 | D:3      | Reached skill level 5 in Polearms
  3331 | D:4      | Reached XP level 6. HP: 41/47 MP: 6/6
  3459 | D:4      | Found a hide-covered altar of Uskayaw.
  3459 | D:4      | Noticed a sky beast
  3489 | D:4      | HP: 2/47 [something (6)]
  3498 | D:4      | HP: 2/47 [sky beast (2)]
  3498 | D:4      | Slain by a sky beast

Vault maps used:
D:1:      dpeg_arrival_water_altar, minmay_stone_trees_large
D:2:      chequers_ecumenical_altar_simple, first_bread, bh_walls_and_bars
D:3:      chequers_temple_overflow_minitemple, minmay_misc_feat_ornament
D:4:      eat_drink_and_be_merry_uskayaw, minmay_misc_feat_iff,
          kennysheep_cluttered_room, minmay_tree_intersection, st_stairs_3,
          grunt_ashenzari_visionary

Skill      XL: |  1  2  3  4  5 |
---------------+----------------+-----
Polearms       | 2 3 4 5 |  5.7
Fighting       | |  3.2
Armour         | |  3.2
Shields        | |  3.0

Action                   |  1- 3 |  4- 6 || total
-------------------------+-------+-------++-------
Melee: Trident           |    91 |   240 ||   331
  Use: Scroll            |     1 |       ||     1
       Potion            |       |     1 ||     1
  Eat: Chunk             |     1 |     8 ||     9
Armor: Scale mail        |    35 |    94 ||   129
Dodge: Dodged            |    15 |    49 ||    64
Block: Shield            |    31 |    87 ||   118

Vault maps used:
D:1:      dpeg_arrival_water_altar, minmay_stone_trees_large
D:2:      chequers_ecumenical_altar_simple, first_bread, bh_walls_and_bars
D:3:      chequers_temple_overflow_minitemple, minmay_misc_feat_ornament
D:4:      eat_drink_and_be_merry_uskayaw, minmay_misc_feat_iff,
          kennysheep_cluttered_room, minmay_tree_intersection, st_stairs_3,
          grunt_ashenzari_visionary
